Map: Ruins of Seras

Players

EdZero - Winner!

  • Race: Zerg Zerg
  • League: Gold

TommyDogan

  • Race: Zerg Zerg
  • League: Gold

VOD

Have the link to the VOD?

Description

Time

  • Played on: Feb. 11, 2016, 2:48 p.m.
  • Length: 9:17
Show
View Real Time Build Order
Export as new Build Order

EdZero Zerg - Winner!

Build Orders: Hatch First 

Get SALT Encoding   

  12  0:08  Overlord  
  12  0:13  Drone  
  13  0:18  Drone  
  14  0:26  Drone  
  15  0:32  Drone  
  16  0:41  Drone  
  17  0:57  Hatchery  
  17  0:59  Drone  
  17  1:04  Drone  
  17  1:08  Extractor  
  17  1:22  Spawning Pool  
  16  1:39  Drone  
  17  1:40  Drone  
  18  2:09  Queen x2  
  18  2:10  Zergling x2  
  18  2:11  Zergling x6  
  26  2:16  Metabolic Boost  
  26  2:22  Drone  
  27  2:25  Zergling x2  
  28  2:41  Baneling Nest  
  28  2:42  Drone  
  28  2:43  Overlord  
  28  3:00  Zergling x2, Evolution Chamber  
  28  3:09  Zergling x2  
  28  3:10  Zergling x6  
  29  3:23  Zergling x2  
  29  3:25  Zergling x8  
  30  3:35  Zerg Melee Weapons Level 1  
  30  3:38  Baneling x2  
  30  3:39  Zergling x2  
  31  3:44  Drone  
  32  3:50  Overlord  
  32  4:05  Baneling x4  
  31  4:17  Overlord x2  
  31  4:18  Drone  
  31  4:19  Drone  
  33  4:39  Zergling x2  
  33  4:40  Zergling x10  
  39  4:57  Drone  
  39  4:58  Drone  
  41  5:09  Drone x2  
  41  5:12  Queen  
  44  5:34  Zergling x14  
  45  5:43  Drone  
  45  5:44  Drone x2  
  48  5:52  Drone  
  48  5:53  Drone  
  50  6:00  Zerg Ground Armor Level 1  
  50  6:01  Roach Warren  
  50  6:02  Lair  
  49  6:04  Drone x2  
  49  6:17  Zergling x2  
  49  6:18  Zergling x4  
  50  6:23  Drone x2  
  49  6:45  Zergling x6  
  49  6:46  Overlord  
  51  6:47  Overlord  
  48  6:57  Roach  
  48  6:59  Overlord  
  50  7:08  Spire  
  49  7:09  Extractor x2  
  49  7:11  Zergling x6, Extractor  
  49  7:26  Drone x5  
  54  7:34  Drone x2  
  56  7:59  Drone x2  
  56  8:03  Hatchery  
  57  8:08  Zergling x4  
  57  8:09  Zergling x8  
  63  8:19  Zergling x2  
  63  8:20  Zergling x2  
  63  8:25  Mutalisk  
  66  8:29  Mutalisk  
  68  8:38  Mutalisk  
  67  8:57  Zergling x2  
  67  8:58  Zergling x12  
Show
View Real Time Build Order
Export as new Build Order

TommyDogan Zerg 

Build Orders: Pool First 

Get SALT Encoding   

  12  0:01  Drone  
  13  0:09  Drone  
  14  0:14  Extractor  
  14  0:16  Drone  
  14  0:34  Spawning Pool  
  13  0:41  Drone  
  14  0:44  Extractor  
  14  0:45  Drone  
  15  0:54  Overlord  
  15  1:22  Queen  
  15  1:24  Metabolic Boost  
  17  1:29  Zergling x4  
  19  1:33  Zergling x2  
  20  1:42  Zergling x2  
  21  1:53  Zergling x2  
  22  2:07  Hatchery  
  21  2:15  Overlord  
  21  2:19  Zergling x2  
  22  2:38  Zergling x4  
  22  2:39  Zergling x4  
  26  2:52  Zergling x4  
  23  3:14  Zergling x8  
  24  3:34  Zergling x6  
  25  3:49  Queen  
  25  3:51  Zergling x2  
  25  3:52  Zergling x6  
  31  4:06  Zergling x2  
  31  4:07  Zergling x2, Overlord  
  28  4:21  Roach Warren  
  26  4:44  Zergling x10  
  26  4:45  Zergling x2  
  32  5:12  Roach  
  32  5:13  Roach x2  
  38  5:15  Roach  
  40  5:30  Overlord  
  29  5:49  Roach  
  31  5:50  Roach x2  
  35  6:01  Roach x2  
  39  6:18  Roach x3  
  22  7:15  Roach x6  
  34  7:33  Roach x3  
  40  7:51  Drone x3  
  40  7:52  Drone  
  44  8:11  Roach x2  
  48  8:26  Overlord  
  48  8:27  Roach  
  48  8:28  Roach  
Tags
 
Add a new tag
Caveats
  • Supply blocks, unpowered buildings, or Contaminate may cause inaccurate times.
  • Supply counts are checked every 10 seconds.